 Dungeon Crawl Stone Soup version 0.29-a0-284-gf9362112df (webtiles) character file.

Game seed: 15768936354260830716

20 gzilladon the Caller (level 2, -2/20 HPs)
             Began as a Merfolk Summoner on Mar 24, 2022.
             Slain by an adder (3 damage)
             ... on level 2 of the Dungeon.
             The game lasted 00:04:58 (1517 turns).

gzilladon the Caller (Merfolk Summoner)             Turns: 1517, Time: 00:04:59

Health: -2/20      AC:  2    Str:  8    XL:     2   Next: 79%
Magic:  4/5        EV: 12    Int: 14    God:
Gold:   63         SH:  0    Dex: 14    Spells: 4/5 levels left

rFire   . . .      SeeInvis .   e - +0 spear
rCold   . . .      Faith    .   (no shield)
rNeg    . . .      Spirit   .   a - +0 robe
rPois   .          Reflect  .   (no helmet)
rElec   .          Harm     .   (no cloak)
rCorr   .          Rampage  .   (no gloves)
Will    .....                   (no boots)
Stlth   ++........              (no amulet)
HPRegen 0.06/turn               (no ring)
MPRegen 0.09/turn               (no ring)

@: lethally poisoned (-2 -> -4)
A: (nimble swimmer 2), mertail
a: no special abilities


You were on level 2 of the Dungeon.
You visited 1 branch of the dungeon, and saw 2 of its levels.

You collected 63 gold pieces.

Inventory:

Hand Weapons
 c - a +0 hand axe
 e - a +0 spear (weapon)
Missiles
 g - 40 stones
Armour
 a - a +0 robe (worn)
Scrolls
 h - a scroll of amnesia
 i - a scroll of enchant weapon {unknown}
 j - a scroll of identify
Potions
 b - 2 potions of magic
 d - a potion of flight {unknown}
 f - a potion of curing {unknown}
 k - a potion of ambrosia {unknown}


   Skills:
 + Level 0.5 Fighting
 + Level 0.3 Polearms
 + Level 2.7 Dodging
 + Level 2.5 Stealth
 + Level 2.0 Spellcasting
 + Level 4.4 Summonings


You had 4 spell levels left.
You knew the following spells:

 Your Spells              Type           Power      Damage    Failure   Level
a - Summon Small Mammal   Summ           52%        N/A       3%          1

Your spell library contained the following spells:

 Spells                   Type           Power      Damage    Failure   Level
 Call Imp                 Summ           13%        N/A       6%          2
 Call Canine Familiar     Summ           13%        N/A       12%         3
 Summon Guardian Golem    Hex/Summ       7%         N/A       28%         3
 Summon Lightning Spire   Summ/Air       7%         N/A       67%         4


Dungeon Overview and Level Annotations

Branches:
Dungeon (2/15)

Altars:


Innate Abilities, Weirdness & Mutations

((You are very nimble when in or above water. (Stealth+, EV+, Speed+++)))
Your lower body shifts to a powerful aquatic tail in water.


Message History

The hobgoblin is moderately wounded.
The hobgoblin hits you. x2
You hit the hobgoblin but do no damage. The hobgoblin barely misses you.
You hit the hobgoblin.
The hobgoblin is moderately wounded.
The hobgoblin barely misses you.
You barely miss the hobgoblin.
The hobgoblin is moderately wounded.
The hobgoblin hits you.
You hit the hobgoblin.
You kill the hobgoblin!
The adder attacks as you move away! The adder barely misses you.
The adder bites you but does no damage.
You hit the adder.
The adder is lightly wounded.
The adder barely misses you.
You miss the adder.
The adder is lightly wounded.
The adder bites you. x2
You closely miss the adder.
The adder is lightly wounded.
The adder bites you.
You hit the adder.
The adder is heavily wounded.
The adder misses you. The adder bites you.
* * * LOW HITPOINT WARNING * * *
You are lethally poisoned!
The adder poisons you!
* * * LOW HITPOINT WARNING * * *
You feel sick. The adder attacks as you move away!
The adder bites you but does no damage.
* * * LOW HITPOINT WARNING * * *
You feel sick.
Casting: Summon Small Mammal (safe; 3% risk of failure)
Confirm with . or Enter, or press ? or * to list all spells.
* * * LOW HITPOINT WARNING * * *
You feel sick. The adder barely misses you.
* * * LOW HITPOINT WARNING * * *
You feel sick. The adder bites you.
You die...

S.S........######.#
#..........# #.#
###.......## #.#
#.###.#.# #.# #
#.#.# #.# #.#.# #.#
#S#.# #.# #S#.# #.#
#@# #.# #b# #.# #.#
#.# #.# #.#### ..#
#....# ..# ####.#
..# #.# ...# #.#
#.#


You could see 2 adders and a friendly bat (summoned).

Vanquished Creatures
  A dart slug (D:2)
  An orc (D:2)
  A ball python (D:1)
  2 bats (D:1)
  2 goblins (D:1)
  2 hobgoblins
  A frilled lizard (D:1)
  3 kobolds (D:1)
  3 rats
16 creatures vanquished.

Notes
Turn   | Place    | Note
-------+----------+-------------------------------------------
     0 | D:1      | gzilladon the Merfolk Summoner began the quest for the Orb.
     0 | D:1      | Reached XP level 1. HP: 13/13 MP: 3/3
   163 | D:1      | Found a faded altar of an unknown god.
   578 | D:1      | Reached XP level 2. HP: 13/19 MP: 5/5
  1517 | D:2      | HP: 1/20 [poisoned by an adder]
  1517 | D:2      | Slain by an adder

Illustrated notes

Levels and vault maps discovered:
D:1:      tarquinn_simple_flora_water_f, layout_basic,
          shapermc_ecumenical_altar_mp_highgroup, minmay_surrounded
D:2:      layout_basic, serial_bayou_pond_e, dreamdust_mushroom_princess

Action                   || total
-------------------------++-------
Melee: Spear             ||    76
       Unarmed           ||     1
       Punch             ||     1
 Cast: Summon Small Mamm ||     1
  Use: Scroll            ||     1
       Potion            ||     1
 Stab: Sleeping          ||     4
Armor: Robe              ||    30
Dodge: Dodged            ||    63

Table legend: (Time is in decaauts)
 A = Elapsed time spent in this place.
 B = Non-inter-level travel time spent in this place.
 C = Inter-level travel time spent in this place.
 D = Time resting spent in this place.
 E = Time spent auto-exploring this place.
 F = Levels seen in this place.
 G = Mean time per level.
                   A        B        C        D        E       F      G
               +--------+--------+--------+--------+--------+-----+--------+
         Total |   1523 |   1474 |     49 |    525 |      0 |   2 |  761.5 |
       Dungeon |   1523 |   1474 |     49 |    525 |      0 |   2 |  761.5 |
               +--------+--------+--------+--------+--------+-----+--------+

Top non-repeatable levels by time:
     D:1: 1205 daAuts
     D:2: 317 daAuts
